 Dungeon Crawl Stone Soup version 0.30-a0-1102-g2dbb833546 (webtiles) character file.

Game seed: 10095810851907564167

14177 Essalna the Stormcaller (level 12, -3/76 HPs)
             Began as a Tengu Air Elementalist on Apr 18, 2023.
             Was a Priest of Vehumet.
             Killed by their own static electricity (5 damage)
             ... on level 9 of the Dungeon.
             The game lasted 00:26:02 (10665 turns).

Essalna the Stormcaller (Tengu Air Elementalist)   Turns: 10665, Time: 00:26:03

Health: -3/76      AC: -1    Str: 10    XL:     12   Next: 13%
Magic:  3/16       EV: 24    Int: 25    God:    Vehumet [***...]
Gold:   629        SH:  0    Dex: 15    Spells: 8/15 levels left

rFire   . . .      SeeInvis .    s - +2 war axe (flame)
rCold   . . .      Faith    .    (no shield)
rNeg    . . .      Spirit   .    a - +0 robe
rPois   .          Reflect  .    (helmet restricted)
rElec   .          Rampage  .    (no cloak)
rCorr   .                        (no gloves)
Will    .....                    (boots unavailable)
Stlth   ++                       p - amulet of regeneration
HPRegen 1.12/turn                y - +5 ring of evasion
MPRegen 0.15/turn                K - +6 ring of intelligence

@: corroded, flying quickly and evasively, quick
A: beak, talons 3, nimble flight
a: Renounce Religion


You were on level 9 of the Dungeon.
You worshipped Vehumet.
Vehumet was most pleased with you.
You visited 1 branch of the dungeon, and saw 9 of its levels.
You also visited: Bailey.

You collected 629 gold pieces.

Inventory:

Hand Weapons
 j - a +2 dagger of protection
 s - a +2 war axe of flaming (weapon)
 x - a +0 whip of electrocution
Armour
 a - a +0 robe (worn)
 r - an orb of energy
Magical Staves
 k - a staff of fire
Jewellery
 e - a ring of positive energy
 o - a +6 ring of strength
 p - an amulet of regeneration (around neck)
 u - a ring of protection from cold
 y - a +5 ring of evasion (left hand)
 A - a +4 ring of protection
 K - a +6 ring of intelligence (right hand)
Wands
 D - a wand of paralysis (11)
Scrolls
 b - a scroll of vulnerability
 h - 7 scrolls of identify
 l - a scroll of teleportation
 n - 2 scrolls of butterflies
 q - 2 scrolls of enchant weapon
 t - a scroll of immolation
 v - 2 scrolls of fear
 F - a scroll of torment
 H - a scroll of magic mapping
 J - 2 scrolls of enchant armour {unknown}
Potions
 c - a potion of degeneration
 d - 4 potions of might {unknown}
 f - 5 potions of heal wounds
 g - 4 potions of attraction {unknown}
 i - 4 potions of curing {unknown}
 m - 3 potions of invisibility {unknown}
 w - a potion of ambrosia {unknown}
 z - a potion of brilliance {unknown}
 B - a potion of resistance {unknown}
 C - a potion of cancellation {unknown}
 E - a potion of lignification {unknown}
 L - a potion of mutation {unknown}


   Skills:
 + Level 9.0 Fighting
 + Level 8.3 Armour
 + Level 8.7 Dodging
 - Level 2.0 Stealth
 + Level 2.0 Spellcasting
 - Level 3.0 Conjurations
 - Level 16.5 Air Magic


You had 8 spell levels left.
You knew the following spells:

 Your Spells              Type           Power      Damage    Failure   Level
a - Shock                 Conj/Air       100%       1d9       1%          1
b - Static Discharge      Conj/Air       100%       2-7/arc   1%          2
c - Airstrike             Air            35%        2d(6-22)  1%          4

Your spell library contained the following spells:

 Spells                   Type           Power      Damage    Failure   Level
 Mephitic Cloud           Conj/Pois/Air  35%        N/A       1%          3
 Swiftness                Air            71%        N/A       1%          3
 Momentum Strike          Conj/Tloc      20%        3d8       2%          2
 Blink                    Tloc           4%         N/A       17%         2
 Lesser Beckoning         Tloc           4%         N/A       17%         2
 Manifold Assault         Tloc           2%         N/A       73%         4
 Dispersal                Tloc           1%         N/A       100%        6
 Disjunction              Tloc           1%         N/A       100%        8


Dungeon Overview and Level Annotations

Branches:
Dungeon (9/15)             Temple (0/1) D:5          Bailey (visited)
   Lair: D:8-11         Orc: D:9-12

Altars:
Cheibriados
Elyvilon
Gozag
Kikubaaqudgha
Makhleb
Okawaru
Qazlal
Sif Muna
Vehumet
Zin
The Shining One

Shops:
D:6 =


Innate Abilities, Weirdness & Mutations

You have a beak for a mouth.
You have claws for feet.
Your magical nature lets you fly swiftly and evasively.


Message History

Casting: Static Discharge (safe; 1% risk of failure)
Confirm with . or Enter, or press ? or * to list all spells.
The brown ugly thing is struck by an arc of lightning.
The brown ugly thing is severely wounded.
You are struck by an arc of lightning.
The cyclops is struck by an arc of lightning!
The cyclops is severely wounded.
The brown ugly thing is struck by an arc of lightning!
The brown ugly thing is almost dead.
You are struck by an arc of lightning.
The lightning grounds out.
The brown ugly thing completely misses you.
The cyclops misses you.
Casting: Static Discharge (safe; 1% risk of failure)
Confirm with . or Enter, or press ? or * to list all spells.
The brown ugly thing is struck by an arc of lightning.
The brown ugly thing is almost dead.
You are struck by an arc of lightning.
The lightning grounds out.
The brown ugly thing tail-slaps you!
* * * LOW HITPOINT WARNING * * *
The acid corrodes you!
You are splashed with acid!
* * * LOW HITPOINT WARNING * * *
It was a potion of heal wounds.
You feel much better. The brown ugly thing tail-slaps you.
You are splashed with acid!
The manticore bites you!!
* * * LOW HITPOINT WARNING * * *
The manticore closely misses you. The manticore completely misses you.
The cyclops closely misses you.
Casting: Static Discharge (safe; 1% risk of failure)
Confirm with . or Enter, or press ? or * to list all spells.
The manticore is struck by an arc of lightning.
The manticore is lightly wounded.
You are struck by an arc of lightning.
* * * LOW HITPOINT WARNING * * *
The manticore is struck by an arc of lightning!
The manticore is moderately wounded.
The lightning grounds out.
The cyclops is struck by an arc of lightning.
The cyclops is severely wounded.
You are struck by an arc of lightning.
You die...

*#.#*...,,*,,,,,,,,,*,,,
*#...##...******+******..
*.....#...*>,,,,,,,,,>*..
**........##,,,,,,,,,,,##.
**..........#<,,,,,,,,,<#..
***####...........##****+****##..
..##.#.............#,,,,,,,,,#...
...............HuC.##,,,,,,,##...
.......##.......@...#,,,,,,,#....
####...........#....##,,,,,##....
#.............##...#,,,,,#..$..
#.....#.......#....##,,,##.^..#
**#.<...#.............#,,,#......
...#...##.............##,*#......
........#..............#<*.......
#,.....................###..##...
,.....####..............#..,,##..


You could see a brown ugly thing, a manticore and a cyclops.

Vanquished Creatures
  A two-headed ogre (D:9)
  Pikel (D:5)
  An orc knight (Bailey)
  Sigmund (D:4)
  2 wyverns
  Eustachio (D:4)
  6 yaks (D:8)
  A steam dragon (D:9)
  Menkaure (D:4)
  An acid dragon (D:8)
  Edmund (D:6)
  A water moccasin (D:8)
  An ice beast (D:6)
  12 orc warriors
  A sky beast (D:4)
  2 black bears
  2 ogres
  2 centaurs (D:8)
  3 bullfrogs (D:6)
  4 scorpions
  2 necrophages (D:6)
  A gnoll sergeant (D:7)
  A wyvern zombie (D:6)
  6 wights
  4 howler monkeys
  2 centaur zombies (D:6)
  7 hounds
  A human zombie (D:6)
  A jelly (D:6)
  An orc priest (D:6)
  2 gnoll boudas (D:5)
  An iguana (D:7)
  Jessica (D:2)
  2 orc wizards (D:7)
  2 sleepcaps
  2 killer bee zombies (D:6)
  A mummy (D:6)
  18 gnolls
  2 adders
  2 ufetubi (D:5)
  3 dart slugs
  2 worms (D:3)
  37 orcs
  8 bats
  6 endoplasms
  5 giant cockroaches
  19 goblins
  13 hobgoblins
  2 jackals (D:1)
  5 kobolds
  6 ball pythons
  3 frilled lizards
  10 rats
223 creatures vanquished.

Vanquished Creatures (others)
  4 plants (D:6)
4 creatures vanquished.

Grand Total: 227 creatures vanquished

Notes
Turn   | Place    | Note
-------+----------+-------------------------------------------
     0 | D:1      | Essalna the Tengu Air Elementalist began the quest for the
                  | Orb.
     0 | D:1      | Reached XP level 1. HP: 10/10 MP: 4/4
   234 | D:1      | Reached XP level 2. HP: 16/16 MP: 1/6
   478 | D:1      | Reached skill level 1 in Fighting
   612 | D:1      | Reached XP level 3. HP: 20/20 MP: 4/7
  1607 | D:2      | Noticed Jessica
  1610 | D:2      | Reached XP level 4. HP: 9/26 MP: 3/8
  1615 | D:2      | Killed Jessica
  1616 | D:2      | Reached skill level 5 in Air Magic
  2253 | D:3      | Found a faded altar of an unknown god.
  3379 | D:4      | Found an iron altar of Okawaru.
  3448 | D:4      | Noticed a sky beast
  3460 | D:4      | Killed a sky beast
  3461 | D:4      | Reached skill level 6 in Air Magic
  3461 | D:4      | Gained mutation: Your magical nature lets you fly swiftly
                  | and evasively. [Tengu growth]
  3461 | D:4      | Reached XP level 5. HP: 17/32 MP: 9/9
  3480 | D:4      | Noticed Eustachio
  3485 | D:4      | Reached XP level 6. HP: 37/37 MP: 5/10
  3494 | D:4      | Killed Eustachio
  3495 | D:4      | Reached skill level 7 in Air Magic
  3580 | D:4      | Noticed Sigmund
  3581 | D:4      | Noticed a black bear
  3602 | D:5      | Entered Level 5 of the Dungeon
  3614 | D:5      | Found an opulent altar of Gozag.
  3643 | D:5      | Reached XP level 7. HP: 44/44 MP: 1/11
  3834 | D:5      | Reached skill level 1 in Armour
  3933 | D:5      | Found a staircase to the Ecumenical Temple.
  4029 | D:5      | Reached skill level 5 in Fighting
  4199 | D:4      | Reached skill level 8 in Air Magic
  4199 | D:4      | Noticed Menkaure
  4208 | D:4      | Killed Menkaure
  4209 | D:4      | Reached XP level 8. HP: 27/49 MP: 5/12
  4349 | D:4      | Found a glowing silver altar of Zin.
  4469 | D:4      | Killed Sigmund
  5021 | D:5      | Noticed Pikel
  5032 | D:5      | Paralysed by Pikel for 3 turns
  5040 | D:5      | Killed Pikel
  5041 | D:5      | Reached skill level 5 in Dodging
  5041 | D:5      | Reached skill level 9 in Air Magic
  5332 | D:6      | Reached XP level 9. HP: 52/55 MP: 10/13
  5364 | D:6      | Found a burning altar of Makhleb.
  5613 | D:6      | Found a radiant altar of Vehumet.
  5618 | D:6      | Reached skill level 5 in Armour
  5639 | D:6      | Found a shimmering blue altar of Sif Muna.
  5654 | D:6      | Became a worshipper of Vehumet
  5796 | D:6      | Found Emoyxich's Jewellery Shop.
  6152 | D:6      | Reached skill level 10 in Air Magic
  6405 | D:6      | Found an ancient bone altar of Kikubaaqudgha.
  6415 | D:6      | Reached * piety under Vehumet
  6415 | D:6      | Offered knowledge of Kiss of Death by Vehumet.
  6935 | D:6      | Found a glowing golden altar of the Shining One.
  6940 | D:6      | Noticed Edmund
  6947 | D:6      | Killed Edmund
  7125 | D:7      | Found a snail-covered altar of Cheibriados.
  7738 | D:7      | Reached XP level 10. HP: 63/63 MP: 9/14
  7798 | D:7      | Found a white marble altar of Elyvilon.
  7803 | D:7      | Learned a level 2 spell: Static Discharge
  7808 | D:7      | Learned a level 4 spell: Airstrike
  8505 | D:8      | Reached skill level 11 in Air Magic
  8509 | D:8      | Offered knowledge of Poisonous Vapours by Vehumet.
  8691 | D:8      | Reached ** piety under Vehumet
  9249 | D:8      | Noticed a two-headed ogre
  9309 | D:9      | Noticed a two-headed ogre
  9358 | D:9      | Killed a two-headed ogre
  9413 | D:9      | Found a flagged portal.
  9425 | Bailey   | Entered a bailey
  9663 | Bailey   | Offered knowledge of Volatile Blastmotes by Vehumet.
  9805 | Bailey   | Reached *** piety under Vehumet
  9911 | Bailey   | Reached skill level 12 in Air Magic
  9971 | Bailey   | Noticed an orc knight
 10113 | Bailey   | Reached XP level 11. HP: 60/69 MP: 3/15
 10286 | Bailey   | Killed an orc knight
 10423 | Bailey   | Reached skill level 16 in Air Magic
 10423 | Bailey   | Reached XP level 12. HP: 76/76 MP: 10/16
 10498 | Bailey   | Noticed an orc warlord
 10520 | D:9      | Offered knowledge of Mephitic Cloud by Vehumet.
 10630 | D:9      | Found a stormy altar of Qazlal.
 10665 | D:9      | HP: 2/76 [/static electricity (4)]
 10665 | D:9      | Killed from afar by themself

Illustrated notes

Levels and vault maps discovered:
D:1:      amcnicky_arrival_feature_with_door, layout_rooms
D:2:      layout_basic, uniq_jessica
D:3:      layout_basic, ebering_ecumenical_altar_petrified,
          chequers_serial_rivers_large_b
D:4:      layout_rooms, zin_statuary, mainiacjoe_overflow_alcove_4,
          serial_park_tiny_1, hangedman_decor_diamond_cutter, uniq_eustachio,
          uniq_sigmund, uniq_menkaure
D:5:      layout_loops_ring, mainiacjoe_overflow_paths,
          minmay_temple_entry_statues_fountains, uniq_pikel
D:6:      layout_loops_ring, lemuel_mausoleum_altar_kikubaaqudgha,
          mainiacjoe_overflow_surrounded_room, mainiacjoe_overflow_boulevard,
          mainiacjoe_overflow_divided_tiny, serial_shops, kennysheep_mini_moat,
          grunt_ministairs_5, uniq_edmund
D:7:      layout_basic, mainiacjoe_overflow_brackets, chei_slow_surprise
D:8:      kennysheep_blocky_hall, layout_basic, minmay_lair_entry_lava,
          lemuel_flamethrower_1
D:9:      minmay_diamond_stairs, layout_cave_pools,
          nicolae_overflow_crystal_walls, mainiacjoe_overflow_24_doors,
          enter_bailey_6

Skill      XL: |  1  2  3  4  5  6  7  8  9 10 11 |
---------------+----------------------------------+-----
Conjurations   | 2 3 |  3.0
Fighting       | 1 3 4 5 6 7 8 9 |  9.0
Air Magic      | 6 7 8 9 10 12 16 | 16.5
Armour         | 2 4 6 8 |  8.3
Dodging        | 3 5 6 8 |  8.7
Stealth        | |  2.0
Spellcasting   | |  2.0

Action                     |  1- 3 |  4- 6 |  7- 9 | 10-12 || total
---------------------------+-------+-------+-------+-------++-------
  Melee: Unarmed           |    26 |       |       |       ||    26
         Punch             |     3 |       |     3 |       ||     6
         Kick              |     6 |     4 |    25 |    16 ||    51
         Peck              |     2 |     1 |    18 |     9 ||    30
         Dagger            |     4 |       |       |       ||     4
         War axe           |       |    17 |    85 |    36 ||   138
   Cast: Shock             |    76 |    63 |   252 |   198 ||   589
         Static Discharge  |       |       |       |    39 ||    39
         Airstrike         |       |       |       |     9 ||     9
  Evoke: Wand              |       |       |     7 |     1 ||     8
    Use: Potion            |       |     1 |       |     3 ||     4
         Scroll            |       |       |       |    13 ||    13
   Stab: Sleeping          |       |       |     2 |       ||     2
 Armour: Robe              |    12 |     2 |     7 |     8 ||    29
  Dodge: Dodged            |    24 |    21 |   165 |   143 ||   353

Table legend: (Time is in decaauts)
 A = Elapsed time spent in this place.
 B = Non-inter-level travel time spent in this place.
 C = Inter-level travel time spent in this place.
 D = Time resting spent in this place.
 E = Time spent auto-exploring this place.
 F = Levels seen in this place.
 G = Mean time per level.
                   A        B        C        D        E       F      G
               +--------+--------+--------+--------+--------+-----+--------+
         Total |  10422 |  10078 |    344 |     93 |   8307 |  10 | 1042.2 |
       Dungeon |   9345 |   9001 |    344 |     93 |   7523 |   9 | 1038.3 |
        Bailey |   1077 |   1077 |      0 |      0 |    784 |   1 | 1077.0 |
               +--------+--------+--------+--------+--------+-----+--------+

Top non-repeatable levels by time:
     D:6: 1727 daAuts
     D:7: 1443 daAuts
     D:3: 1210 daAuts
     D:2: 1155 daAuts
  Bailey: 1077 daAuts
     D:5: 1033 daAuts
     D:1: 1026 daAuts
     D:4: 802 daAuts
     D:8: 673 daAuts
     D:9: 273 daAuts
